 Dungeon Crawl Stone Soup version 0.24-a0-524-gf43b32f898 (webtiles) character file.

Game seed: 14280312695350999654

52 Gargoyl the Skirmisher (level 3, 0/31 HPs)
             Began as a Centaur Abyssal Knight on July 31, 2019.
             Was a Follower of Lugonu.
             Slain by an adder (1 damage)
             ... on level 2 of the Dungeon.
             The game lasted 00:02:33 (2029 turns).

Gargoyl the Skirmisher (Centaur Abyssal Knight)     Turns: 2029, Time: 00:02:33

Health: 0/31       AC:  9    Str: 13 (14) XL:     3   Next: 60%
Magic:  13/13      EV:  1    Int: 10 (11) God:    Lugonu [*.....]
Gold:   52         SH:  0    Dex:  6 (9)  Spells: 2/2 levels left

rFire    . . .     SeeInvis .   a - +1 hand axe
rCold    . . .     Gourm    .   (no shield)
rNeg     . . .     Faith    .   i - +0 plate armour (curse)
rPois    .         Spirit   .   (no helmet)
rElec    .         Reflect  .   d - +0 cloak
rCorr    .         Harm     .   (no gloves)
MR       .....                  (no barding)
Stlth    ..........             (no amulet)
HPRegen  0.10/turn              b - ring of magical power
MPRegen  0.13/turn              (no ring)

@: lethally poisoned (0 -> -7), very quick
A: large, hooves 3, deformed body, speed 2, tough skin 3
a: Depart the Abyss, Renounce Religion


You were on level 2 of the Dungeon.
You worshipped Lugonu.
Lugonu was aware of your devotion.
You were hungry.

You visited 1 branch of the dungeon, and saw 2 of its levels.
You visited the Abyss 1 time.

You collected 52 gold pieces.

Inventory:

Hand Weapons
 a - a +1 hand axe (weapon)
Armour
 d - a +0 cloak (worn)
 i - a cursed +0 plate armour (worn)
Jewellery
 b - a ring of magical power (left hand)
Scrolls
 f - 4 scrolls of identify {unknown}
 j - a scroll of enchant weapon {unknown}
 l - a scroll of magic mapping {unknown}
Potions
 g - 3 potions of flight
Comestibles
 c - 2 rations


   Skills:
 + Level 3.5 Fighting
 + Level 2.1 Axes
 * Level 1.9 Armour
 * Level 1.1 Dodging
 * Level 2.4 Invocations


You had 2 spell levels left.
You didn't know any spells.
Your spell library was empty.

Dungeon Overview and Level Annotations

Branches:
Dungeon (2/15)

Altars:
Makhleb


Innate Abilities, Weirdness & Mutations

You have hooves in place of feet.
Armour fits poorly on your strangely shaped body.
You cover ground very quickly.
You have extremely tough skin. (AC +3)


Message History

You feel sick. The adder bites you.
* * * LOW HITPOINT WARNING * * *
You are lethally poisoned!
The adder poisons you! The adder bites you but does no damage.
It was a potion of magic.
Magic courses through your body.
* * * LOW HITPOINT WARNING * * *
You feel sick. The adder bites you.
* * * LOW HITPOINT WARNING * * *
It was a potion of cancellation.
You feel magically purged. The adder bites you but does no damage.
Okay, then.
You miss the adder.
The adder is severely wounded.
* * * LOW HITPOINT WARNING * * *
You feel sick.
The adder bites you but does no damage. x2
You miss the adder.
The adder is heavily wounded.
* * * LOW HITPOINT WARNING * * *
You feel sick. The adder bites you.
You die...

##[### #....##
###.##..#
.........#
##..####.# #.. #.#
. ##. ##)## .).
#.###...#####.....
#......_..@Sw......
#.####...###.......
##.## .#..... #.#
.# #### #.# .# #..
.. #.# .. #. .#


You could see a worm and an adder.

Vanquished Creatures
  An adder (D:2)
  3 dart slugs (D:1)
  3 bats
  3 giant cockroaches (D:1)
  5 hobgoblins
  3 jackals (D:1)
  A quokka (D:2)
  3 frilled lizards
  4 goblins (D:1)
  5 kobolds
  6 rats
37 creatures vanquished.

Notes
Turn   | Place    | Note
-------+----------+-------------------------------------------
     0 | Abyss:1  | Gargoyl the Centaur Abyssal Knight began the quest for the
                  | Orb.
     0 | Abyss:1  | Reached XP level 1. HP: 19/19 MP: 2/2
    41 | Abyss:1  | Noticed a large abomination
    46 | Abyss:1  | Noticed a large abomination
    74 | Abyss:1  | Noticed an Executioner
    77 | D:1      | Escaped the Abyss
   641 | D:1      | Reached XP level 2. HP: 15/26 MP: 3/3
  1192 | D:1      | Reached skill level 1 in Dodging
  1249 | D:1      | Reached * piety under Lugonu
  1270 | D:1      | Reached XP level 3. HP: 26/31 MP: 4/4
  1985 | D:2      | Found a burning altar of Makhleb.
  2029 | D:2      | HP: 1/31 [poisoned by an adder]
  2029 | D:2      | Slain by an adder

Levels and vault maps discovered:
D:1:      onia_arrival_mini_maze_b, layout_loops_corners, minmay_hexomino_f4
D:2:      layout_rooms, nicolae_overflow_crystal_walls, grunt_qazlal_clouds

Skill      XL: |  1  2 |
---------------+-------+-----
Dodging        | 1 |  1.1
Axes           | 2 |  2.1
Fighting       | |  3.5
Armour         | |  1.9
Invocations    | |  2.4

Action                   || total
-------------------------++-------
Melee: Hand axe          ||   161
       Kick              ||    11
Invok: Depart the Abyss  ||     1
  Use: Potion            ||     6
       Scroll            ||     1
  Eat: Chunk             ||     2
Armor: Leather armour    ||    32
       Plate armour      ||   106
Dodge: Dodged            ||    40

Table legend:
 A = Non-vault XP
 B = Vault XP
 C = Vault XP percentage of total XP
 D = Non-vault monster count
 E = Vault monster count
 F = Vault count percentage of total count
                 A         B        C        D         E       F
            +---------+---------+-------+---------+---------+-------
      Total |      70 |       5 |   6.7 |      33 |       4 |  10.8
            +---------+---------+-------+---------+---------+-------
        D:1 |      45 |       5 |  10.0 |      24 |       4 |  14.3
        D:2 |      25 |       0 |   0.0 |       9 |       0 |   0.0
            +---------+---------+-------+---------+---------+-------
